AoeStats
← Tetsu.Japan

Black Forest

509130461Analyzed
4v4 RM · 7d ago on Sep 25, 2026· 16m 31s· 8 players
Game mode
Random Map
Map size
Large (8 player)
Population
200
Speed
Normal
Resources
Standard
Victory
Conquest
Starting age
Dark Age
Ending age
Imperial Age
RankedLock teamsTeams togetherTeam positionsShared explorationLock speedFull tech treeHidden civsTurbo modeCheats
Victory
Defeat
🇯🇵 Danes · Japan
1600
+12
🇹🇼 Bengalis · Taiwan
1568
+13
🇨🇳 Mongols · China
1422
+19
🇯🇵 Persians · Japan
1299
+25
🇩🇪 Danes · Germany
1561
-20
🇮🇳 Malians · India
1541
-19
🇲🇽 Spanish · Mexico
1480
-16
🇺🇸 Romans · United States
1411
-14
Non faux pa
1:37 Loom
The_ Rock
软脚虾3号
RyuZaKi
happikon.6139
0:39 Loom
Tetsu.Japan
4:06 Loom
sci621
1:00 Loom
第一滴血
9:49 Feudal Age
13:04 Castle Age
11:20 Double-Bit Axe
12:00 Horse Collar
Connection lost

Rejoining the realm…

Still unreachable

The connection could not be restored.

Session expired

The server has moved on; the page needs a fresh start.